 Dungeon Crawl Stone Soup version 0.18.1-8-gdd0e5ea (webtiles) character file.

2271 juanjsm the Covert (level 9, 0/36 HPs)
             Began as a Spriggan Enchanter on June 8, 2016.
             Was an Initiate of Vehumet.
             Slain by a wight
             ... wielding a +3 great sword of freezing
              (18 damage)
             ... on level 7 of the Dungeon.
             The game lasted 00:22:15 (5580 turns).

juanjsm the Covert (Spriggan Enchanter)             Turns: 5580, Time: 00:22:16

Health: 0/36       AC:  3    Str:  2    XL:     9   Next: 16%
Magic:  1/19       EV: 20    Int: 20    God:    Vehumet [......]
Gold:   364        SH:  0    Dex: 16    Spells: 5 memorised, 10 levels left

rFire  . . .     SeeInvis +     a - +1 dagger
rCold  . . .     Gourm    .     D - +0 robe {rN+}
rNeg   + . .     Faith    .     (shield restricted)
rPois  .         Spirit   .     (helmet restricted)
rElec  .         Dismiss  .     m - +0 cloak
rCorr  .         Reflect  .     (gloves unavailable)
SustAt .         Harm     .     (boots unavailable)
MR     +....                    (no amulet)
Stlth  ++++++....               (no ring)
                                (no ring)

@: drained, very quick, somewhat resistant to hostile enchantments, very
stealthy
A: unfitting armour, see invisible, herbivore 3, speed 3, frail 1, slow
metabolism 2, weak 1, subdued magic 1
a: Renounce Religion


You were on level 7 of the Dungeon.
You worshipped Vehumet.
Vehumet was noncommittal.
You were not hungry.

You visited 2 branches of the dungeon, and saw 9 of its levels.

You collected 364 gold pieces.

Inventory:

Hand Weapons
 a - a +1 dagger (weapon)
Missiles
 v - 57 poisoned needles
Armour
 b - a +1 robe
 m - a +0 cloak (worn)
 D - a +0 robe of positive energy (worn)
Magical Staves
 p - an uncursed staff of air {unknown}
 u - an uncursed staff of earth {unknown}
Wands
 n - a wand of random effects (8/48)
 r - a wand of lightning (9/15)
Scrolls
 e - 2 scrolls of immolation
 g - a scroll of fear {unknown}
 h - 6 scrolls of remove curse
 i - 4 scrolls of enchant armour {unknown}
 j - 4 scrolls of teleportation
 l - 3 scrolls of identify
 o - a scroll of fog
 y - 2 scrolls of amnesia
 C - a scroll of blinking {unknown}
Potions
 f - 2 potions of agility
 k - a potion of heal wounds
 s - a potion of ambrosia
 t - a potion of curing
 w - 2 potions of lignification
 x - a potion of brilliance
 z - a potion of haste {unknown}
 B - 2 potions of berserk rage {unknown}
 E - a potion of degeneration {unknown}
Books
 c - a book of Maledictions

   Spells                             Type                      Level
   a - Corona                         Hexes                        1
   b - Ensorcelled Hibernation        Hexes/Ice                    2
   c - Confuse                        Hexes                        3
   d - Tukima's Dance                 Hexes                        3
   e - Dazzling Spray                 Conjuration/Hexes            3
 F - An Introduction to Theurgy
   (You found it on level 6 of the Dungeon)

   Spells                             Type                      Level
   a - Flame Tongue                   Conjuration/Fire             1
   b - Corona                         Hexes                        1
   c - Freeze                         Ice                          1
   d - Apportation                    Translocation                1
   e - Beastly Appendage              Transmutation                1
Miscellaneous
 q - a plain deck of summoning
Comestibles
 d - 7 bread rations
 A - a slice of pizza


   Skills:
 + Level 1.0(0.9) Fighting
 * Level 5.8(5.6) Short Blades
 + Level 5.0(4.8) Dodging
 + Level 11.9(11.7) Stealth
 + Level 6.2(6.1) Spellcasting
 + Level 6.2(6.0) Hexes
 + Level 3.0(2.9) Ice Magic


You had 10 spell levels left.
You knew the following spells:

 Your Spells              Type           Power        Failure   Level  Hunger
a - Corona                Hex            ###....      1%          1    None
b - Ensorcelled Hibernat  Hex/Ice        ###...       1%          2    None
c - Confuse               Hex            ###.....     1%          3    ##.....
d - Dazzling Spray        Conj/Hex       ##......     8%          3    ##.....
e - Apportation           Tloc           #.........   10%         1    None


Dungeon Overview and Level Annotations

Branches:
Dungeon (8/15)             Temple (1/1) D:7
   Lair: D:8-11

Altars:
Ashenzari
Cheibriados
Elyvilon
Fedhas
Gozag
Kikubaaqudgha
Makhleb
Nemelex Xobeh
Okawaru
Qazlal
Sif Muna
Trog
Vehumet
Yredelemnul
The Shining One

Shops:
D:4 [   D:5 [


Innate Abilities, Weirdness & Mutations

You are tiny and cannot use many weapons and most armour.
You have supernaturally acute eyesight.
You are a herbivore.
You cover ground extremely quickly.
You need consume almost no food.
You are frail (-10% HP).
You are weak. (Str -2)
Your spells are a little easier to cast, but a little less powerful.


Message History

Aim: a wight, wielding a great sword of freezing and wearing a robe (chance to defeat MR: 52%)
The wight resists with significant effort.
Casting: Confuse
Confirm with . or Enter, or press ? or * to list all spells.
You don't have enough magic to cast that spell.
Unknown command.
You hit the wight but do no damage. The wight misses you.
You hit the wight but do no damage. You barely miss the wight.
The wight misses you.
You hit the wight but do no damage. You hit the wight but do no damage.
The wight completely misses you.
You hit the wight but do no damage. The wight closely misses you.
You hit the wight but do no damage. You hit the wight but do no damage.
The wight closely misses you.
You barely miss the wight. You hit the wight.
The wight is lightly damaged.
The wight hits you with a great sword of freezing!!
Ouch! That really hurt!
You die...

#.........#
.......#..#
....##.#..# #
....##....# .#
.>..#####.# ####.
.##.......## ....
## .#####.....#
#.. ..
######.....# #
#z##.#
#..........#
#.#@...#
#.####.....#
#.#!##.##.# #.##
#....>#
#.........# ...#
#######
###[#######
...#############[#
##†...........##†#
#..#(#.###.#.##.#
#..#.#.# #.#.##.#
#..#.#.###.#.##.#


You could see a wight.

Vanquished Creatures
  Grinder (D:4)
  A hippogriff (D:7)
  Edmund (D:6)
  A water moccasin (D:5)
  A black bear (D:7)
  An ice beast (D:7)
  An orc warrior (D:8)
  2 sky beasts (D:5)
  An ogre (D:7)
  A giant frog (D:7)
  A scorpion (D:5)
  2 wights (D:7)
  A howler monkey (D:5)
  The ghost of M4edhros the Sneak, a weakling OpAr (D:4)
  2 giant frog zombies
  3 hounds
  3 orc priests
  A wasp zombie (D:6)
  Crazy Yiuf (D:2)
  A jelly (D:3)
  6 orc wizards
  A giant frog skeleton (D:4)
  Terence (D:2)
  An iguana (D:6)
  2 worker ants
  A killer bee zombie (D:6)
  A worker ant zombie (D:6)
  Robin (D:3)
  6 gnolls (D:6)
  3 adders
  3 shadow imps
  2 oozes
  2 worms (D:2)
  2 dart slugs
  3 giant geckos
  16 orcs
  2 ball pythons
  5 bats
  A giant cockroach (D:5)
  8 goblins
  10 hobgoblins
  6 jackals
  4 kobolds
  2 quokkas
  9 giant newts
  10 rats
135 creatures vanquished.

Notes
Turn   | Place    | Note
--------------------------------------------------------------
     0 | D:1      | juanjsm the Spriggan Enchanter began the quest for the Orb.
     0 | D:1      | Reached XP level 1. HP: 9/9 MP: 5/5
   166 | D:2      | Reached XP level 2. HP: 13/13 MP: 6/6
   253 | D:1      | Learned a level 2 spell: Ensorcelled Hibernation
   737 | D:2      | Noticed Crazy Yiuf
   743 | D:2      | Killed Crazy Yiuf
   743 | D:2      | Reached skill level 5 in Stealth
   743 | D:2      | Reached XP level 3. HP: 16/16 MP: 6/8
   748 | D:2      | Learned a level 3 spell: Confuse
   954 | D:2      | Noticed a moth of wrath
   963 | D:2      | Noticed Terence
  1066 | D:2      | Killed Terence
  1066 | D:2      | Reached XP level 4. HP: 21/21 MP: 0/9
  1073 | D:2      | Learned a level 3 spell: Dazzling Spray
  1170 | D:2      | Reached skill level 6 in Stealth
  1396 | D:2      | Found a bloodstained altar of Trog.
  1686 | D:3      | Reached XP level 5. HP: 24/24 MP: 1/10
  1706 | D:3      | Noticed Robin
  2053 | D:3      | HP: 1/25 [hobgoblin (4)]
  2473 | D:3      | Killed Robin
  2473 | D:3      | Reached skill level 7 in Stealth
  2514 | D:3      | Gained mutation: Your spells are a little easier to cast, but a little less powerful. [potion of mutation]
  2514 | D:3      | Gained mutation: You are weak. (Str -2) [potion of mutation]
  2514 | D:3      | Gained mutation: You are frail (-10% HP). [potion of mutation]
  2530 | D:3      | Found a sparkling altar of Nemelex Xobeh.
  2947 | D:4      | Noticed M4edhros's ghost (weakling OpAr)
  2954 | D:4      | Noticed Grinder
  2959 | D:4      | Killed M4edhros's ghost
  2994 | D:4      | Killed Grinder
  2994 | D:4      | Reached skill level 8 in Stealth
  2994 | D:4      | Reached skill level 5 in Hexes
  2994 | D:4      | Reached skill level 1 in Ice Magic
  2994 | D:4      | Reached XP level 6. HP: 16/26 MP: 1/13
  3023 | D:5      | Entered Level 5 of the Dungeon
  3148 | D:4      | Found Veocosil's Armour Shoppe.
  3173 | D:4      | Reached XP level 7. HP: 27/28 MP: 5/14
  3435 | D:5      | Reached skill level 9 in Stealth
  3798 | D:5      | Found Gialegedgh's Antique Armour Emporium.
  3811 | D:5      | Reached skill level 5 in Spellcasting
  3877 | D:5      | Reached XP level 8. HP: 33/33 MP: 16/16
  3932 | D:5      | Reached skill level 10 in Stealth
  4163 | D:6      | Found a glowing golden altar of the Shining One.
  4409 | D:6      | Noticed Edmund
  4544 | D:6      | Identified An Introduction to Theurgy
  4856 | D:6      | Killed Edmund
  5017 | D:7      | Found a staircase to the Ecumenical Temple.
  5026 | D:7      | Reached skill level 5 in Short Blades
  5026 | D:7      | Reached skill level 11 in Stealth
  5036 | Temple   | Entered the Ecumenical Temple
  5053 | Temple   | Became a worshipper of Vehumet
  5176 | D:7      | Learned a level 1 spell: Apportation
  5276 | D:7      | Reached XP level 9. HP: 36/36 MP: 6/19
  5539 | D:7      | Reached skill level 1 in Fighting
  5569 | D:7      | Reached skill level 5 in Dodging
  5580 | D:7      | Slain by a wight

Skill      XL: |  1  2  3  4  5  6  7  8  9 |
---------------+----------------------------+-----
Hexes          | 4 5 6 |  6.2
Stealth        | 5 6 8 9 11 | 11.9
Spellcasting   | 3 4 5 6 |  6.2
Short Blades   | 2 3 4 5 |  5.8
Ice Magic      | 1 2 3 |  3.0
Dodging        | 4 5 |  5.0
Fighting       | 1 |  1.0

Action                   |  1- 3 |  4- 6 |  7- 9 || total
-------------------------+-------+-------+-------++-------
Melee: Dagger            |    57 |   172 |   174 ||   403
 Cast: Ensorcelled Hiber |    11 |    38 |    54 ||   103
       Confuse           |     2 |     7 |    16 ||    25
       Corona            |     1 |       |       ||     1
  Use: Scroll            |       |     5 |     7 ||    12
       Potion            |       |     1 |       ||     1
 Stab: Sleeping          |    15 |    37 |    55 ||   107
       Distracted        |     1 |       |       ||     1
       Confused          |       |     7 |    12 ||    19
  Eat: Bread ration      |       |     1 |       ||     1
Armor: Robe              |     4 |    18 |    10 ||    32
Dodge: Dodged            |    46 |   132 |   103 ||   281
